 Dungeon Crawl Stone Soup version 0.14-a0-2359-g1e808ab (webtiles) character file.

7701 M4edhros the Slinger (level 11, -2/72 HPs)
             Began as an Octopode Hunter on Jan 31, 2014.
             Was an Elder of Okawaru.
             Slain by ghwc's ghost (6 damage)
             ... on Level 9 of the Dungeon on Feb 1, 2014.
             The game lasted 00:33:48 (13116 turns).

M4edhros the Slinger (Octopode Hunter)             Turns: 13116, Time: 00:33:49

HP  -2/72        AC  1     Str 12      XL: 11   Next: 11%
MP  11/11        EV 22     Int 13      God: Okawaru [****..]
Gold 529         SH  0     Dex 16      Spells:  0 memorised, 10 levels left

rFire  . . .     SeeInvis .     C - +3 sling
rCold  . . .     Clarity  .     (no shield)
rNeg   + . .     Conserve +     (helmet restricted)
rPois  +         rCorr    .     K - amulet of conservation
rElec  .         rRot     .     q - ring of teleport control
SustAb . .       Spirit   .     l - ring of flight
rMut   .         Warding  .     w - ring of protection from magic
Saprov . . .     Stasis   .     r - ring of poison resistance
MR     +....                    L - ring of positive energy
                                (no ring)
                                (no ring)
                                (no ring)

@: heroism, somewhat resistant to hostile enchantments, very stealthy
A: almost no armour, amphibious, 8 rings, constrict 8, camouflage 1, gelatinous
body 1
a: Heroism, Renounce Religion, Evoke Flight, Evoke Teleport Control


You were on level 9 of the Dungeon.
You worshipped Okawaru.
Okawaru was greatly pleased with you.
You were near starving.

You visited 2 branches of the dungeon, and saw 10 of its levels.
You also visited: Sewer.

You collected 529 gold pieces.

Inventory:

Hand weapons
 t - a +0,+1 short sword of venom
 B - a +4,+3 flail of protection
 C - a +3,+3 sling (weapon)
 G - a +0,+2 spear of venom
 O - a +3,+4 quarterstaff of chaos
Missiles
 c - 68 sling bullets (quivered)
 j - 6 curare-tipped needles
 m - 73 stones
 M - 15 poisoned sling bullets
Magical devices
 b - a wand of cold (4)
Comestibles
 a - a choko
 f - 2 bread rations
 h - 8 meat rations
 i - 3 apples
 n - 10 grapes
 s - 2 pears
 D - 7 bananas
 E - an apricot
 F - 8 cheeses
Scrolls
 g - 2 scrolls of recharging
 k - 3 scrolls of remove curse
 p - 3 scrolls of enchant armour
 u - a scroll of magic mapping
 x - a scroll of fear
 y - a scroll of teleportation
 z - a scroll of blinking
 A - 3 scrolls of fog
 H - 2 scrolls of amnesia
 J - 3 scrolls of identify
Jewellery
 l - a ring of flight (right tentacle)
 q - a ring of teleport control (left tentacle)
 r - a ring of poison resistance (on tentacle)
 w - a ring of protection from magic (on tentacle)
 I - an uncursed ring of teleportation
 K - an amulet of conservation (around mantle)
 L - a ring of positive energy (on tentacle)
Potions
 e - 3 potions of porridge
 N - a potion of magic
Books
 o - a book of the Dragon

   Spells                             Type                      Level
   Flight                             Charms/Air                   3
   Cause Fear                         Hexes                        4
   Bolt of Fire                       Conjuration/Fire             6
   Dragon Form                        Transmutation                7
   Summon Dragon                      Summoning                    9


   Skills:
 + Level 5.8(10.8) Fighting
 + Level 13.0(18.0) Slings
 + Level 9.3(14.3) Dodging
 - Level 1.3(6.3) Stealth


You had 10 spell levels left.
You didn't know any spells.

Dungeon Overview and Level Annotations

Branches:
Dungeon (9/16)             Temple (1/1) D:7            Lair (0/8) D:8
    Orc: D:9-12

Altars:
Ashenzari
Cheibriados
Dithmengos
Elyvilon
Fedhas
Kikubaaqudgha
Makhleb
Nemelex Xobeh
Okawaru
Sif Muna
Trog
Vehumet
Xom
Yredelemnul
Zin
The Shining One

Shops:
D:5 *

Annotations:
D:8 exclusion: 2 doors
D:9 ghwc's ghost, experienced DsWz


Innate Abilities, Weirdness & Mutations

You cannot wear most types of armour.
You are amphibious.
You can wear up to eight rings at the same time.
You can use your tentacles to constrict many enemies at once.
Your skin changes colour to match your surroundings (Stlth).
Your rubbery body absorbs attacks (AC +1).


Message History

* * * LOW HITPOINT WARNING * * *
Drink which item? (? for menu, Esc to quit)
You feel better. Ghwc's ghost hits you.
* * * LOW HITPOINT WARNING * * *
Ghwc's ghost freezes you.
* * * LOW HITPOINT WARNING * * *
Drink which item? (? for menu, Esc to quit)
You feel better.
The bat flutters around in erratic circles.
Ghwc's ghost wails, "What do you have that I didn't have?"
Ghwc's ghost barely misses you.
Firing (i - inventory. (,) - cycle):
c - 69 sling bullets (quivered)
Press: ? - help, Shift-Dir - straight line, f/p - ghwc's ghost
Aim: ghwc's ghost (severely damaged)
You shoot a sling bullet. The sling bullet hits ghwc's ghost.
Ghwc's ghost is almost destroyed.
Ghwc's ghost hits you!
* * * LOW HITPOINT WARNING * * *
Ghwc's ghost freezes you!
You die...

###########################
#..#............#5........#
#..#............#....$....#
#..#............#...(b....'.
#..#............#(((((((((((
#'######..#######p(#..#.....
.......#........@ยง.#..... .
.......#........#..#..pb.8.
########'#####..#######....
.............#..# ...
.............+..+ .
......)......#..#
#######...#######
......#...#. ......#...+....


You could see ghwc's ghost, an ufetubus (confused) and a bat (confused).

Vanquished Creatures
  2 polar bears (D:9)
  2 two-headed ogres (D:9)
  4 yaks
  A hippogriff (D:9)
  2 wolves
  Edmund (D:7)
  Menkaure (D:6)
  2 orc warriors (D:8)
  2 ice beasts
  3 phantoms
  2 centaurs
  6 giant goldfish (D:6)
  3 ogres
  4 big kobolds
  Duvessa (D:6)
  A warg (D:8)
  Blork the orc (D:5)
  6 giant frogs
  An agate snail (D:8)
  6 killer bees (D:7)
  3 jellyfish
  3 crimson imps
  7 electric eels
  A giant frog zombie (D:8)
  Dowan (D:6)
  A centaur zombie (D:9)
  A jelly (D:8)
  4 big fish
  A gnoll shaman (D:6)
  5 hounds
  6 orc priests
  7 orc wizards
  10 worker ants
  Crazy Yiuf (D:6)
  3 iguanas
  2 scorpions
  2 sheep (D:8)
  Ijyb (D:2)
  A giant frog simulacrum (D:9)
  A hound zombie (D:5)
  A hound skeleton (D:9)
  15 gnolls
  An ogre simulacrum (D:9)
  16 adders
  2 giant centipedes (D:5)
  A green rat (Sewer)
  A white imp (D:9)
  4 worms
  An iguana zombie (D:7)
  2 orc skeletons
  2 adder skeletons
  2 grey rats (Sewer)
  2 giant eyeballs
  4 giant geckos
  5 oozes
  36 orcs
  20 bats
  41 hobgoblins
  16 jackals
  8 giant cockroaches
  5 giant newts
  36 goblins
  A hobgoblin zombie (D:6)
  20 kobolds
  2 kobold skeletons
  4 quokkas
  15 rats
  A rat skeleton (D:8)
376 creatures vanquished.

Notes
Turn   | Place    | Note
--------------------------------------------------------------
     0 | D:1      | M4edhros, the Octopode Hunter, began the quest for the Orb.
     0 | D:1      | Reached XP level 1. HP: 13/13 MP: 1/1
   311 | D:1      | Reached XP level 2. HP: 16/18 MP: 2/2
   611 | D:2      | Reached XP level 3. HP: 21/23 MP: 3/3
   671 | D:2      | Reached skill level 5 in Slings
  1007 | D:2      | Noticed Ijyb
  1017 | D:2      | Killed Ijyb
  1017 | D:2      | Reached XP level 4. HP: 23/28 MP: 4/4
  1025 | D:2      | Found a shattered altar of Ashenzari.
  1027 | D:2      | Found a snail-covered altar of Cheibriados.
  1029 | D:2      | Found a burning altar of Makhleb.
  1031 | D:2      | Found a white marble altar of Elyvilon.
  1032 | D:2      | Found a shadowy altar of Dithmengos.
  1033 | D:2      | Found a bloodstained altar of Trog.
  1034 | D:2      | Found a glowing silver altar of Zin.
  1042 | D:2      | You fall through a shaft!
  1306 | D:4      | Reached skill level 6 in Slings
  1319 | D:4      | Reached XP level 5. HP: 30/33 MP: 5/5
  1821 | D:5      | Entered Level 5 of the Dungeon
  2064 | D:5      | Found a glowing drain.
  2071 | D:5      | Reached skill level 7 in Slings
  2072 | D:5      | Reached XP level 6. HP: 35/38 MP: 6/6
  2169 | Sewer    | Entered a sewer
  2287 | Sewer    | Noticed Herrn's ghost (average DjFi)
  3004 | D:5      | Noticed a centaur
  3028 | D:5      | Noticed an ice beast
  3055 | D:5      | Killed an ice beast
  3071 | D:5      | Noticed Blork the orc
  3079 | D:5      | Killed Blork the orc
  3079 | D:5      | Reached skill level 8 in Slings
  3079 | D:5      | Reached XP level 7. HP: 37/43 MP: 7/7
  3218 | D:5      | Killed a centaur
  3555 | D:5      | Found Pnuemum's General Store.
  3900 | D:6      | Noticed Menkaure
  3907 | D:6      | Noticed Duvessa
  3908 | D:6      | Killed Menkaure
  3908 | D:6      | Reached skill level 9 in Slings
  4247 | D:6      | Reached XP level 8. HP: 30/48 MP: 8/8
  4365 | D:6      | Noticed Dowan
  4481 | D:7      | Reached skill level 10 in Slings
  4610 | D:7      | Noticed Edmund
  4768 | D:7      | Killed Edmund
  4895 | D:7      | Reached XP level 9. HP: 45/53 MP: 9/9
  4936 | D:7      | Reached skill level 5 in Dodging
  4950 | D:7      | Reached skill level 11 in Slings
  5190 | D:7      | Paralysed by a giant eyeball for 2 turns
  5201 | D:7      | Found a staircase to the Ecumenical Temple.
  5213 | Temple   | Entered the Ecumenical Temple
  5256 | Temple   | Became a worshipper of Warmaster Okawaru
  8119 | D:6      | Noticed Crazy Yiuf
  8125 | D:6      | Killed Crazy Yiuf
  8195 | D:6      | Killed Dowan
  8197 | D:6      | Killed Duvessa
  8947 | D:6      | Acquired Okawaru's first power
  9091 | D:6      | Reached skill level 12 in Slings
  9422 | D:6      | Reached XP level 10. HP: 22/59 MP: 10/10
  9965 | D:6      | Paralysed by a giant eyeball for 2 turns
 10788 | D:8      | HP: 2/63 [orc warrior/orcish short sword (18)]
 10960 | D:8      | Found a staircase to the Lair.
 11284 | D:8      | Noticed a three-headed hydra
 11374 | D:8      | Found an ancient bone altar of Kikubaaqudgha.
 11708 | D:8      | Found a sparkling altar of Nemelex Xobeh.
 12034 | D:9      | Received a gift from Okawaru
 12394 | D:9      | Reached skill level 5 in Fighting
 12426 | D:9      | Reached XP level 11. HP: 8/72 MP: 11/11
 12736 | D:9      | Reached skill level 13 in Slings
 13080 | D:9      | Noticed ghwc's ghost (experienced DsWz)
 13116 | D:9      | Slain by ghwc's ghost

Action                   |  1- 3 |  4- 6 |  7- 9 | 10-12 || total
-------------------------+-------+-------+-------+-------++-------
Melee: Short sword       |     9 |     6 |    15 |    23 ||    53
       Cutlass           |       |       |    37 |       ||    37
       Flail             |       |       |    29 |    85 ||   114
       Quarterstaff      |       |       |    23 |       ||    23
       Spear             |       |       |    19 |       ||    19
 Fire: Sling             |    66 |   165 |   453 |   317 ||  1001
Invok: Heroism           |       |       |       |     2 ||     2
Evoke: Wand              |       |       |       |     6 ||     6
  Use: Potion            |       |     6 |     2 |     5 ||    13
       Scroll            |       |    13 |    11 |     3 ||    27
 Stab: Sleeping          |       |     1 |     7 |     1 ||     9
       Distracted        |       |       |     1 |     1 ||     2
